 Dungeon Crawl Stone Soup version 0.32-a0-871-ge202e49faa (webtiles) character file.

Game seed: 14637031764857133490

111 kae the Slasher (level 4, -6/33 HPs)
             Began as a Coglin Gladiator on Mar 29, 2024.
             Splashed by a jelly's acid (8 damage)
             ... on level 4 of the Dungeon.
             The game lasted 00:01:07 (2151 turns).

kae the Slasher (Coglin Gladiator)                  Turns: 2151, Time: 00:01:07

Health: -6/33      AC: -1    Str: 14    XL:     4   Next: 92%
Magic:  4/4        EV: 11    Int:  7    God:
Gold:   140        SH:  0    Dex: 18    Spells: 3/3 levels left

rFire   . . .        a - +0 long sword {Publius}
rCold   . . .        f - +0 dagger {Ichio}
rNeg    . . .        b - +0 leather armour
rPois   .            c - +0 helmet
rElec   .            (no cloak)
rCorr   .            (no gloves)
SInv    .            g - +2 pair of boots
Will    .....        (amulet unavailable)
Stlth   +            (ring unavailable)
HPRegen 0.25/turn    (ring unavailable)
MPRegen 0.09/turn    (no gizmo)

%: no passive effects
@: corroded, revved
A: off-hand wielding, slow wielding, warmup strikes, no jewellery
a: Invent Gizmo


You were on level 4 of the Dungeon.
You visited 1 branch of the dungeon, and saw 4 of its levels.

You collected 140 gold pieces.


Innate Abilities, Weirdness & Mutations

You can wield a second weapon in your off-hand.
It takes a long time for you to wield or remove held weapons.
Your first few attacks do less damage.
You cannot equip rings or amulets.


   Skills:
 - Level 2.0 Fighting
 + Level 5.4 Long Blades
 - Level 1.7 Throwing
 - Level 2.6 Dodging


You had 3 spell levels left.
You didn't know any spells.
Your spell library contained the following spells:

 Spells                   Type           Power      Damage    Failure   Level
 Ensorcelled Hibernation  Hex/Ice        0%         N/A       65%         2
 Fugue of the Fallen      Necr           0%         N/A       87%         3
 Anguish                  Hex/Necr       0%         N/A       99%         4
 Summon Blazeheart Golem  Fire/Summ      0%         N/A       99%         4
 Orb of Destruction       Conj           0%         9d5       100%        7
 Spellforged Servitor     Conj/Summ      0%         N/A       100%        7

Inventory:

Hand Weapons
 a - a +0 long sword (weapon) {Publius}
 f - a +0 dagger (offhand) {Ichio}
Missiles
 d - 3 throwing nets (quivered) {=f!f}
 e - a javelin
 k - 30 stones
 o - 6 poisoned darts
Armour
 b - a +0 leather armour (worn)
 c - a +0 helmet (worn)
 g - a +2 pair of boots (worn)
   (You found it on level 3 of the Dungeon)
Potions
 h - 2 potions of enlightenment {unknown}
 j - a potion of haste {@q3}
 l - a potion of degeneration {!q}
 m - a potion of attraction {unknown}
 p - a potion of curing {unknown}

Dungeon Overview and Level Annotations

Branches:
Dungeon (4/15) Zot: 21844
 Temple: D:4-7

Altars:
Dithmenos

.. #. ### #.#
#.. .. #.##.#
##.#.. ###
.)###...J#>.[###
.......#@.......
#.(......###
..####..####..#
#.....<# .#
#.####.# .. #.#
.. #.# # ... #..


You could see a jelly.


Message History

No target in view!
No target in view!
p - a cyan potion
There is a stone staircase leading down here.
A bat comes into view.
The bat hits you. The bat barely misses you. 😕 HP[-1]
You take 1 damage, and now have 32/33 hp.
A bat is nearby!
You closely miss the bat with your +0 long sword.
You closely miss the bat with your +0 dagger.
The bat hits you.
You hit the bat with your +0 dagger.
You hit the bat with your +0 long sword.
You kill the bat! 😕 HP[-1]
You take 1 damage, and now have 31/33 hp.
You see here a bat skeleton.
Key pressed, stopping explore.
No target in view!
No target in view! 😎 HP[+2]
Your hp is fully restored (33).
Things that are here:
a +0 dagger; a +1 sling of electrocution; a goblin skeleton Done exploring.
No target in view!
No target in view!
Done exploring.
No target in view!
No target in view!
Done exploring.
No target in view!
No target in view!
Done exploring.
Done exploring.
No target in view!
No target in view!
Done exploring.
As you read the scroll labelled ATEIDO FUGEGA, it crumbles to dust.
You feel strangely unstable.
It was a scroll of teleportation.
As you read the scroll labelled PEINLO KOULU, it crumbles to dust.
It is a scroll of enchant armour.
Your +1 pair of boots glows green for a while.
Done exploring.
Unknown command.
You start waiting.
Your surroundings suddenly seem different.
Done exploring.
There is a stone staircase leading down here.
You climb downwards.
There is a stone staircase leading up here.
A jelly is nearby!
A jelly is nearby!
A jelly is nearby!
A jelly is nearby!
Found a ring mail.
Found an escape hatch in the floor.
The jelly quivers.
A jelly is nearby!
You hit the jelly with your +0 dagger. The acid corrodes you!
Your graspers burn!
You barely miss the jelly with your +0 long sword.
The jelly hits you but does no damage. 😕 HP[-1]
You take 1 damage, and now have 32/33 hp.
You hit the jelly but do no damage.
Your graspers burn!
You hit the jelly but do no damage.
Your graspers burn!
The jelly hits you but does no damage.
You hit the jelly but do no damage.
Your graspers burn!
You slash the jelly with your +0 long sword!
The acid corrodes you!
Your graspers burn! 😮 HP[-15]
You take 15 damage, and now have 17/33 hp.
MASSIVE DAMAGE!! (PAUSE)
You hit the jelly with your +0 long sword.
Your graspers burn!
* * * LOW HITPOINT WARNING * * *
You barely miss the jelly with your +0 dagger.
The jelly barely misses you. 😨 HP[-5]
You take 5 damage, and now have 12/33 hp.
You hit the jelly with your +0 dagger.
Your graspers burn!
* * * LOW HITPOINT WARNING * * *
You hit the jelly but do no damage.
Your graspers burn!
* * * LOW HITPOINT WARNING * * *
The jelly misses you.
Unknown command. 😱 HP[-5]
You take 5 damage, and now have 7/33 hp.
You hit the jelly with your +0 long sword.
Your graspers burn!
* * * LOW HITPOINT WARNING * * *
You hit the jelly but do no damage.
Your graspers burn!
* * * LOW HITPOINT WARNING * * *
The jelly hits you.
* * * LOW HITPOINT WARNING * * *
You are splashed with acid!
You die...

Skill      XL: |  1  2  3  4 |
---------------+-------------+-----
Long Blades    | 4 5 |  5.4
Fighting       | |  2.0
Throwing       | |  1.7
Dodging        | |  2.6

Action                     |  1- 3 |  4- 6 || total
---------------------------+-------+-------++-------
  Melee: Long sword        |    93 |    41 ||   134
         Dagger            |    85 |    39 ||   124
    Use: Scroll            |       |     7 ||     7
   Stab: Sleeping          |       |     1 ||     1
 Armour: Leather armour    |    53 |    18 ||    71
  Dodge: Dodged            |    61 |    25 ||    86

Levels and vault maps discovered:
D:1:      lemuel_arrival_behind_the_door_large, layout_basic, minmay_vboxes
D:2:      layout_rooms, minmay_three_crescents
D:3:      layout_loops_cross, nicolae_dithmenos_the_darkroom,
          dreamdust_ecumenical_altar_statues
D:4:      layout_loops_ring, zin_purify, serial_shops,
          nicolae_shop_back_alley_shop, uniq_pikel

Notes
Turn   | Place    | Note
-------+----------+-------------------------------------------
     0 | D:1      | kae the Coglin Gladiator began the quest for the Orb.
     0 | D:1      | Reached XP level 1. HP: 16/16 MP: 1/1
     0 | D:1      | magus.rc [v1.11.3]
    89 | D:1      | Reached XP level 2. HP: 22/22 MP: 2/2
   258 | D:1      | You pick up a book of Dreams and begin reading...
   258 | D:1      | You add the spells Ensorcelled Hibernation, Fugue of the
                  | Fallen and Anguish to your library.
   278 | D:1      | You pick up a book of Dangerous Friends and begin
                  | reading...
   278 | D:1      | You add the spells Summon Blazeheart Golem, Orb of
                  | Destruction and Spellforged Servitor to your library.
   306 | D:1      | Reached skill level 4 in Long Blades
   501 | D:1      | Reached XP level 3. HP: 27/27 MP: 3/3
  1300 | D:2      | Reached XP level 4. HP: 33/33 MP: 4/4
  1323 | D:2      | Reached skill level 5 in Long Blades
  1682 | D:3      | Found a shadowy altar of Dithmenos.
  1868 | D:3      | Identified the +0 ring mail "Raiwkan" {Fly Dex+3}
  1910 | D:3      | Found a faded altar of an unknown god.
  2150 | D:4      | HP: 7/33 [acid (4)]
  2151 | D:4      | HP: 2/33 [acid (4)]
  2151 | D:4      | Splashed by a jelly's acid

Vanquished Creatures
  4 adders
  2 dart slugs
  2 ribbon worms
  A ball python (D:2)
  7 bats
  5 endoplasms
  3 giant cockroaches (D:1)
  9 goblins
  5 hobgoblins
  3 jackals
  8 kobolds
  3 quokkas
  8 frilled lizards
  2 rats (D:2)
62 creatures vanquished.

Table legend:
 A = Non-vault XP
 B = Vault XP
 C = Vault XP percentage of total XP
 D = Non-vault monster count
 E = Vault monster count
 F = Vault count percentage of total count
                 A         B        C        D         E       F
            +---------+---------+-------+---------+---------+-------
      Total |     130 |      29 |  18.2 |      53 |       9 |  14.5
            +---------+---------+-------+---------+---------+-------
        D:1 |      36 |       6 |  14.3 |      20 |       3 |  13.0
        D:2 |      43 |      23 |  34.8 |      18 |       6 |  25.0
        D:3 |      51 |       0 |   0.0 |      15 |       0 |   0.0
            +---------+---------+-------+---------+---------+-------

Skill      XL: |  1  2  3  4 |
---------------+-------------+-----
Long Blades    | 4 5 |  5.4
Fighting       | |  2.0
Throwing       | |  1.7
Dodging        | |  2.6

Action                     |  1- 3 |  4- 6 || total
---------------------------+-------+-------++-------
  Melee: Long sword        |    93 |    41 ||   134
         Dagger            |    85 |    39 ||   124
    Use: Scroll            |       |     7 ||     7
   Stab: Sleeping          |       |     1 ||     1
 Armour: Leather armour    |    53 |    18 ||    71
  Dodge: Dodged            |    61 |    25 ||    86

Illustrated notes

Table legend:
 A = Kills in this place as a percentage of kills in the entire game.
 B = Kills by you in this place as a percentage of kills by you in the entire game.
 C = Kills by friends in this place as a percentage of kills by friends in the entire game.
 D = Other kills in this place as a percentage of other kills in the entire game.
 E = Experience gained in this place as a percentage of experience gained in the entire game.
 F = Experience gained in this place divided by the number of levels of this place that you have seen.
                   A       B       C       D       E      F
               +-------+-------+-------+-------+-------+----------------------
         Total | 100.0 | 100.0 |   N/A |   N/A | 100.0 |  39.8
       Dungeon | 100.0 | 100.0 |   N/A |   N/A | 100.0 |  39.8
               +-------+-------+-------+-------+-------+----------------------

Table legend: (Time is in decaauts)
 A = Elapsed time spent in this place.
 B = Non-inter-level travel time spent in this place.
 C = Inter-level travel time spent in this place.
 D = Time resting spent in this place.
 E = Time spent auto-exploring this place.
 F = Levels seen in this place.
 G = Mean time per level.
                   A        B        C        D        E       F      G
               +--------+--------+--------+--------+--------+-----+--------+
         Total |   2154 |   2081 |     73 |      0 |   1716 |   4 |  538.5 |
       Dungeon |   2154 |   2081 |     73 |      0 |   1716 |   4 |  538.5 |
               +--------+--------+--------+--------+--------+-----+--------+

Top non-repeatable levels by time:
     D:1: 885 daAuts
     D:3: 639 daAuts
     D:2: 620 daAuts
     D:4: 8 daAuts
